 Dungeon Crawl Stone Soup version 0.31-a0-1529-g7bd419a0e5 (webtiles) character file.

Game seed: 12374374364045284046

513 TheScarfBastard the Chopper (level 7, 0/91 HPs)
             Began as a Minotaur Berserker on Dec 31, 2023.
             Was an Elder of Trog.
             Slain by a gnoll
             ... wielding a +0 whip
             ... led by a gnoll sergeant
              (4 damage)
             ... on level 4 of the Dungeon.
             The game lasted 00:07:22 (2577 turns).

TheScarfBastard the Chopper (Minotaur Berserker)    Turns: 2577, Time: 00:07:23

Health: 0/91       AC:  6    Str: 24    XL:     7   Next: 0%
Magic:  6/6        EV: 10    Int:  4    God:    Trog [****..]
Gold:   283        SH:  7    Dex:  9    Spells: 6/6 levels left

rFire   . . .        a - +0 hand axe (heavy)
rCold   . . .        n - +0 kite shield
rNeg    . . .        c - +0 ring mail
rPois   .            (helmet restricted)
rElec   .            (no cloak)
rCorr   .            (no gloves)
SInv    .            (no boots)
Will    .....        g - amulet of regeneration Stlth
                     (no ring)
HPRegen 1.15/turn    (no ring)
MPRegen 0.10/turn

%: no passive effects
@: berserking (expiring), very quick
A: horns 2, retaliatory headbutt, high MP 1
a: Renounce Religion, Berserk, Trog's Hand, Brothers in Arms


You were on level 4 of the Dungeon.
You worshipped Trog.
Trog was greatly pleased with you.
You visited 1 branch of the dungeon, and saw 4 of its levels.

You collected 283 gold pieces.

Inventory:

Hand Weapons
 a - a +0 heavy hand axe (weapon)
Armour
 b - a +0 animal skin
 c - a +0 ring mail (worn)
 n - a +0 kite shield (worn)
Jewellery
 f - an amulet of reflection
 g - an amulet of regeneration (around neck)
 h - a +6 ring of intelligence
Wands
 o - a wand of iceblast (10)
Scrolls
 e - 2 scrolls of noise
 j - 5 scrolls of teleportation
 q - a scroll of enchant weapon {unknown}
Potions
 d - 2 potions of degeneration
 i - a potion of curing {unknown}
 k - 2 potions of resistance
 l - a potion of invisibility {unknown}
 m - a potion of haste
 p - a potion of lignification


   Skills:
 + Level 5.2 Fighting
 + Level 6.5 Axes
 + Level 4.9 Armour
 + Level 3.7 Dodging
 + Level 0.2 Stealth
 + Level 1.1 Shields


You had 6 spell levels left.
You didn't know any spells.
Your spell library was empty.

Dungeon Overview and Level Annotations

Branches:
Dungeon (4/15)
 Temple: D:4-7

Altars:
Gozag

Shops:
D:4 *


Innate Abilities, Weirdness & Mutations

You have a pair of horns on your head.
You reflexively headbutt those who attack you in melee.
You have an increased reservoir of magic. (+10% MP)


Message History

The gnoll shouts!
You hit the gnoll. You block the gnoll sergeant's attack.
The gnoll hits you but does no damage. The gnoll hits you with a +0 whip. x2
* * * LOW HITPOINT WARNING * * *
The gnoll sergeant barely misses you. The gnoll hits you with a +0 whip.
* * * LOW HITPOINT WARNING * * *
You barely miss the gnoll. Your headbutt misses the gnoll.
The gnoll is severely wounded.
You slash the gnoll!
You kill the gnoll!
Trog accepts your kill.
The gnoll sergeant hits you but does no damage.
The gnoll hits you with a +0 whip.
* * * LOW HITPOINT WARNING * * *
A red film seems to cover your vision as you go berserk!
You feel yourself moving faster!
You feel mighty! You block the gnoll's attack.
The gnoll sergeant barely misses you. The gnoll barely misses you.
You barely miss the gnoll. You headbutt the gnoll.
You kill the gnoll!
Trog accepts your kill.
You closely miss the gnoll. You block the gnoll's attack.
The gnoll sergeant hits you from afar with a +0 spear!
* * * LOW HITPOINT WARNING * * *
You have reached level 7!
The gnoll sergeant hits you from afar with a +0 spear.
* * * LOW HITPOINT WARNING * * *
You feel a strong urge to attack something.
The gnoll misses you.
The gnoll sergeant hits you with a +0 spear!
* * * LOW HITPOINT WARNING * * *
You see here a +0 whip.
You closely miss the gnoll sergeant.
Your headbutt misses the gnoll sergeant.
You barely miss the gnoll. The gnoll sergeant barely misses you.
The gnoll hits you with a +0 whip.
* * * LOW HITPOINT WARNING * * *
You hit the gnoll sergeant.
The gnoll sergeant is lightly wounded.
You slash the gnoll! The gnoll hits you with a +0 whip.
You die...

#####...## ##.## #.#
#.# ##'## ##...## #
##.....## #####.###
##.......## ##........
#.........####.@g##.#
+.........'..)g)....##
#.........####.).!.....
##.......## ##.##.####
##>....## ### .#
##...## # ##+##


You could see a gnoll sergeant and a gnoll.

Vanquished Creatures
  A phantom (D:4)
  3 scorpions
  4 orc wizards
  3 gnolls (D:4)
  3 adders
  4 dart slugs
  3 ribbon worms (D:2)
  11 orcs
  5 bats
  5 endoplasms
  5 giant cockroaches
  7 goblins
  6 hobgoblins
  8 kobolds
  7 quokkas
  12 ball pythons
  5 frilled lizards
  10 rats
102 creatures vanquished.

Notes
Turn   | Place    | Note
-------+----------+-------------------------------------------
     0 | D:1      | TheScarfBastard the Minotaur Berserker began the quest for
                  | the Orb.
     0 | D:1      | Reached XP level 1. HP: 19/19 MP: 0/0
   146 | D:1      | Reached XP level 2. HP: 27/27 MP: 1/1
   360 | D:1      | Reached skill level 4 in Axes
   640 | D:1      | Reached ** piety under Trog
   888 | D:2      | Reached XP level 3. HP: 33/33 MP: 2/2
   964 | D:2      | Gained mutation: Your spells are a little harder to cast,
                  | but a little more powerful. [potion of mutation]
   964 | D:2      | Gained mutation: You have supernaturally acute eyesight.
                  | (SInv) [potion of mutation]
   995 | D:2      | Lost mutation: You have supernaturally acute eyesight.
                  | (SInv) [potion of mutation]
   995 | D:2      | Lost mutation: Your spells are a little harder to cast, but
                  | a little more powerful. [potion of mutation]
   995 | D:2      | Gained mutation: You are robust. (+10% HP) [potion of
                  | mutation]
   995 | D:2      | Gained mutation: You have an increased reservoir of magic.
                  | (+10% MP) [potion of mutation]
   995 | D:2      | Lost mutation: You are robust. (+10% HP) [potion of
                  | mutation]
  1149 | D:2      | Noticed a scorpion
  1156 | D:2      | Killed a scorpion
  1157 | D:2      | Reached XP level 4. HP: 40/41 MP: 3/3
  1497 | D:3      | Reached *** piety under Trog
  1552 | D:3      | Reached XP level 5. HP: 47/47 MP: 4/4
  1657 | D:3      | Reached skill level 5 in Axes
  1854 | D:3      | Reached skill level 5 in Fighting
  2242 | D:4      | Found an opulent altar of Gozag.
  2332 | D:4      | Reached XP level 6. HP: 52/56 MP: 5/5
  2357 | D:4      | Found Seinoeh's Assorted Antiques.
  2526 | D:4      | Reached skill level 6 in Axes
  2526 | D:4      | Reached skill level 1 in Shields
  2565 | D:4      | Reached **** piety under Trog
  2574 | D:4      | Reached XP level 7. HP: 15/61 MP: 6/6
  2576 | D:4      | HP: 3/91 [gnoll/+0 whip[a gnoll sergeant] (3)]
  2577 | D:4      | Slain by a gnoll

Illustrated notes

Levels and vault maps discovered:
D:1:      roderic_dead_forest, layout_basic
D:2:      minmay_skewed_foursquare, layout_basic
D:3:      layout_loops_cross
D:4:      layout_loops_corners, nicolae_overflow_crystal_walls, serial_shops,
          shop, gup_sewer_entry_bowl

Skill      XL: |  1  2  3  4  5  6 |
---------------+-------------------+-----
Fighting       | 4 5 |  5.2
Axes           | 4 5 6 |  6.5
Armour         | 3 4 |  4.9
Dodging        | 3 |  3.7
Shields        | 1 |  1.1
Stealth        | |  0.2

Action                     |  1- 3 |  4- 6 |  7- 9 || total
---------------------------+-------+-------+-------++-------
  Melee: Hand axe          |    79 |   101 |     2 ||   182
         Headbutt          |     5 |    12 |       ||    17
 Invoke: Berserk           |     1 |     1 |       ||     2
    Use: Scroll            |     4 |     7 |       ||    11
         Potion            |     2 |       |       ||     2
 Armour: Animal skin       |    28 |       |       ||    28
         Ring mail         |    43 |   124 |     4 ||   171
  Dodge: Dodged            |    66 |    82 |     2 ||   150
  Block: Kite shield       |       |    30 |       ||    30

Table legend: (Time is in decaauts)
 A = Elapsed time spent in this place.
 B = Non-inter-level travel time spent in this place.
 C = Inter-level travel time spent in this place.
 D = Time resting spent in this place.
 E = Time spent auto-exploring this place.
 F = Levels seen in this place.
 G = Mean time per level.
                   A        B        C        D        E       F      G
               +--------+--------+--------+--------+--------+-----+--------+
         Total |   2689 |   2649 |     40 |      0 |   1593 |   4 |  672.2 |
       Dungeon |   2689 |   2649 |     40 |      0 |   1593 |   4 |  672.2 |
               +--------+--------+--------+--------+--------+-----+--------+

Top non-repeatable levels by time:
     D:1: 902 daAuts
     D:2: 644 daAuts
     D:3: 644 daAuts
     D:4: 499 daAuts
